 Dungeon Crawl Stone Soup version 0.21.1-1-g345015fe64 (webtiles) character file.

215 Henning the Ruffian (level 5, -5/53 HPs)
             Began as a Troll Monk on June 17, 2018.
             Slain by an iguana (15 damage)
             ... on level 4 of the Dungeon.
             The game lasted 00:01:45 (559 turns).

Henning the Ruffian (Troll Monk)                     Turns: 559, Time: 00:01:46

Health: -5/53      AC:  5    Str: 19    XL:     5   Next: 60%
Magic:  4/4        EV: 11    Int: 11    God:
Gold:   40         SH:  0    Dex: 13    Spells: 4/4 levels left

rFire    . . .     SeeInvis .     - Unarmed
rCold    . . .     Gourm    +   (no shield)
rNeg     . . .     Faith    .   a - +0 robe
rPois    .         Spirit   .   (helmet restricted)
rElec    .         Reflect  .   (no cloak)
rCorr    .         Harm     .   (gloves unavailable)
MR       .....                  (boots unavailable)
Stlth    ++........             (no amulet)
HPRegen  0.57/turn              g - +5 ring of intelligence
MPRegen  0.09/turn              (no ring)

@: lethally poisoned (-5 -> -5)
A: large, unfitting armour, claws 3, fast metabolism 3, gourmand, regeneration
1, shaggy fur 1, tough skin 2
a: no special abilities


You were on level 4 of the Dungeon.
You were very full.

You visited 1 branch of the dungeon, and saw 4 of its levels.

You collected 40 gold pieces.

Inventory:

Armour
 a - a +0 robe (worn)
Jewellery
 g - a +5 ring of intelligence (left claw)
Potions
 c - 2 potions of agility {unknown}
 d - a potion of heal wounds {unknown}
 e - a potion of brilliance {unknown}
Comestibles
 b - 2 rations
 f - 6 chunks of flesh


   Skills:
 + Level 3.3 Fighting
 + Level 3.4 Dodging
 - Level 1.1 Stealth
 * Level 4.7 Unarmed Combat


You had 4 spell levels left.
You didn't know any spells.

Dungeon Overview and Level Annotations

Branches:
Dungeon (4/15)
 Temple: D:4-7

Altars:
Ru


Innate Abilities, Weirdness & Mutations

You are too large for most types of armour.
You have claws for hands.
Your metabolism is lightning-fast.
You like to eat raw meat.
Your natural rate of healing is unusually fast.
You are covered in fur. (AC +1)
You have very tough skin. (AC +2)


Message History

You claw the scorpion!
You kill the scorpion!
You have reached level 5!
An iguana comes into view.
You closely miss the howler monkey.
The howler monkey is heavily wounded.
You feel sick. The howler monkey closely misses you.
You claw the howler monkey!
You kill the howler monkey!
You claw the iguana!
The iguana is heavily wounded.
You feel sick. The iguana closely misses you.
You barely miss the iguana.
The iguana is heavily wounded.
The iguana bites you!
* * * LOW HITPOINT WARNING * * *
You barely miss the iguana.
The iguana is heavily wounded.
You feel sick. The iguana bites you!
You die...

....# ....+ .
....###..
##+#########.(......
...........#........
.......<...#........
...........#........
..).......@lZ.......
..##########........
# .........
..........
...........
............
.............
....).......>.


You could see an iguana and an adder skeleton.

Vanquished Creatures
  A scorpion (D:4)
  A howler monkey (D:4)
  A crimson imp (D:2)
  A hound (D:4)
  4 adders
  A leopard gecko (D:2)
  An orc (D:3)
  A ball python (D:1)
  A bat (D:3)
  A giant cockroach (D:2)
  3 goblins
  3 hobgoblins
  3 jackals (D:1)
  A frilled lizard (D:3)
  3 kobolds
  2 rats (D:3)
28 creatures vanquished.

Notes
Turn   | Place    | Note
-------+----------+-------------------------------------------
     0 | D:1      | Henning the Troll Monk began the quest for the Orb.
     0 | D:1      | Reached XP level 1. HP: 22/22 MP: 0/0
   150 | D:1      | Reached XP level 2. HP: 29/29 MP: 1/1
   179 | D:2      | Found a sacrificial altar of Ru.
   276 | D:2      | Noticed a crimson imp
   306 | D:2      | Killed a crimson imp
   306 | D:2      | Reached XP level 3. HP: 32/36 MP: 2/2
   308 | D:2      | Reached XP level 4. HP: 41/45 MP: 3/3
   427 | D:3      | Reached skill level 4 in Unarmed Combat
   554 | D:4      | Reached XP level 5. HP: 21/53 MP: 4/4
   559 | D:4      | Slain by an iguana

Skill      XL: |  1  2  3  4 |
---------------+-------------+-----
Fighting       | 3 |  3.3
Dodging        | 3 |  3.4
Unarmed Combat | 4 |  4.7
Stealth        | |  1.1

Action                   |  1- 3 |  4- 6 || total
-------------------------+-------+-------++-------
Melee: Unarmed           |    44 |    48 ||    92
       Punch             |     1 |     1 ||     2
 Stab: Sleeping          |       |     1 ||     1
  Eat: Chunk             |     8 |     2 ||    10
Armor: Robe              |    18 |    14 ||    32
Dodge: Dodged            |    14 |    25 ||    39
